 Dungeon Crawl Stone Soup version 0.30-a0-913-g9934a0ce24 (webtiles) character file.

Game seed: 233613552757070205

80066 miket3c the Severer (level 15, -2/136 HPs)
             Began as a Minotaur Fighter on Feb 28, 2023.
             Was the Champion of Okawaru.
             Slain by a two-headed ogre
             ... wielding a +0 giant spiked club
              (4 damage)
             ... on level 2 of the Orcish Mines on Mar 19, 2023.
             The game lasted 00:42:48 (19304 turns).

miket3c the Severer (Minotaur Fighter)             Turns: 19304, Time: 00:42:48

Health: -2/136     AC: 28    Str: 29    XL:     15   Next: 22%
Magic:  21/21      EV: 15    Int:  9    God:    Okawaru [******]
Gold:   1612       SH:  5    Dex: 16    Spells: 14/14 levels left

rFire   . . .      SeeInvis .    a - +4 battleaxe
rCold   . . .      Faith    .    (shield currently unavailable)
rNeg    . . .      Spirit   .    G - +0 plate armour {rPois}
rPois   +          Reflect  +    I - +2 hat of Dinaf {Will- Int+4 Dex+7 Stlth+}
rElec   .          Rampage  .    t - +0 cloak
rCorr   +                        O - +1 pair of gloves
Will    .....                    (no boots) Stlth
                                 S - amulet of reflection
HPRegen 0.42/turn                u - +4 ring of protection
MPRegen 0.17/turn                K - ring of resist corrosion

@: heroic, on berserk cooldown, slowed, studying Summonings, very slow
A: horns 2, retaliatory headbutt
a: Renounce Religion, Heroism, Finesse, Duel


You were on level 2 of the Orcish Mines.
You worshipped Okawaru.
Okawaru was exalted by your worship.
You visited 3 branches of the dungeon, and saw 19 of its levels.

You collected 1613 gold pieces.
You spent 1 gold pieces at shops.

Inventory:

Hand Weapons
 a - a +4 battleaxe (weapon)
 b - a +2 heavy arbalest
 k - the +6 shillelagh "Devastator" {shatter}
   (You found it on level 2 of the Dungeon)
 A - a -1 executioner's axe
 J - a +2 war axe
Missiles
 i - 3 javelins
 s - 23 poisoned darts (quivered)
Armour
 c - a +0 buckler
 l - the +4 chain mail "Puhas" {Harm rC+ Str-3}
   (You found it on level 2 of the Dungeon)

   Str:       It affects your strength (-3).
   rC:        It protects you from cold.
   Harm:      It increases damage dealt and taken.
 t - a +0 cloak (worn)
 G - a +0 plate armour of poison resistance (worn)
 I - the +2 hat of Dinaf (worn) {Will- Int+4 Dex+7 Stlth+}
   (Okawaru gifted it to you on level 8 of the Dungeon)

   Int:       It affects your intelligence (+4).
   Dex:       It affects your dexterity (+7).
   Will:      It decreases your willpower.
   Stlth:     It makes you more stealthy.
 O - a +1 pair of gloves (worn)
Jewellery
 o - a +6 ring of strength
 u - a +4 ring of protection (left hand)
 x - a ring of magical power
 z - a +5 ring of evasion
 E - an amulet of the acrobat
 K - a ring of resist corrosion (right hand)
 M - a +6 ring of dexterity
 N - a ring of poison resistance
 S - an amulet of reflection (around neck)
Wands
 g - a wand of mindburst (27)
 v - a wand of digging (10)
 y - a wand of polymorph (12)
 B - a wand of flame (37)
 F - a wand of iceblast (18)
 Q - a wand of quicksilver (4)
Scrolls
 e - 6 scrolls of teleportation
 m - 5 scrolls of amnesia
 D - 5 scrolls of poison
 H - 4 scrolls of silence
 L - 2 scrolls of fog
 V - 4 scrolls of identify
Potions
 d - 2 potions of attraction
 f - 3 potions of berserk rage
 h - 3 potions of magic
 j - 4 potions of flight
 n - 9 potions of curing
 p - 4 potions of heal wounds
 q - 5 potions of brilliance
 w - 3 potions of cancellation
 P - 3 potions of mutation
 R - 2 potions of resistance
 T - a potion of lignification
 U - a potion of haste


   Skills:
 + Level 13.5(18.5) Fighting
 * Level 18.3(23.3) Axes
 - Level 2.6(7.6) Ranged Weapons
 + Level 13.3(18.3) Armour
 + Level 8.5(13.5) Dodging
 - Level 10.2(15.2) Shields
 + Level 10.6 Invocations


You had 14 spell levels left.
You didn't know any spells.
Your spell library contained the following spells:

 Spells                   Type           Power      Damage    Failure   Level
 Apportation              Tloc           0%         N/A       88%         1
 Freeze                   Ice            0%         1d3       88%         1
 Magic Dart               Conj           0%         1d3       88%         1
 Necrotise                Necr           0%         1d4       88%         1
 Shock                    Conj/Air       0%         1d3       88%         1
 Frozen Ramparts          Ice            0%         1d1       99%         3
 Hailstorm                Conj/Ice       0%         3d3       99%         3
 Ignite Poison            Fire/Tmut/Pois 0%         N/A       99%         3
 Kindle Blastsparks       Fire/Tloc/Air  0%         2d10      99%         3
 Mephitic Cloud           Conj/Pois/Air  0%         N/A       99%         3
 Portal Projectile        Hex/Tloc       0%         N/A       99%         3
 Swiftness                Air            0%         N/A       99%         3
 Vampiric Draining        Necr           0%         2d6       99%         3
 Airstrike                Air            0%         2d(0-16)  100%        4
 Olgreb's Toxic Radiance  Pois           0%         N/A       100%        4
 Agony                    Necr           0%         N/A       100%        5
 Blade Hands              Tmut           0%         N/A       100%        5
 Freezing Cloud           Conj/Ice/Air   0%         6-21      100%        5
 Ozocubu's Refrigeration  Ice            0%         4d7       100%        7
 Ignition                 Fire           0%         3d3       100%        8
 Summon Small Mammal      Summ           Unusable   N/A       N/A         1
 Call Imp                 Summ           Unusable   N/A       N/A         2
 Tukima's Dance           Hex            Unusable   N/A       N/A         3

Dungeon Overview and Level Annotations

Branches:
Dungeon (12/15)            Temple (0/1) D:5            Lair (5/5) D:8
  Swamp (0/4) Lair:2       Spider (0/4) Lair:3        Slime (0/5) Lair:4
    Orc (2/2) D:9             Elf (0/3) Orc:2

Altars:
Ashenzari
Cheibriados
Dithmenos
Elyvilon
Fedhas
Hepliaklqana
Makhleb
Nemelex Xobeh
Okawaru
Sif Muna
Trog
Wu Jian
Xom
Yredelemnul
Zin
The Shining One
Jiyva

Shops:
D:6 *   Orc:1 **   Orc:2 :*!(


Innate Abilities, Weirdness & Mutations

You have a pair of horns on your head.
You reflexively headbutt those who attack you in melee.


Message History

The two-headed ogre closely misses you.
You are too injured to fight recklessly!
You are too injured to fight recklessly!
You are too injured to fight recklessly!
A red film seems to cover your vision as you go berserk!
You feel yourself moving faster!
You feel mighty! You block the two-headed ogre's attack.
The two-headed ogre hits you but does no damage.
You hear some strange, mumbled words.
You suddenly lose the ability to move!
The ogre hits you with a +0 giant club!
The two-headed ogre hits you with a +0 giant spiked club! x2
The ogre hits you with a +0 giant club!
* * * LOW HITPOINT WARNING * * *
The two-headed ogre hits you with a +0 giant spiked club!!
* * * LOW HITPOINT WARNING * * *
The two-headed ogre barely misses you.
The two-headed ogre hits you with a +0 giant club!
* * * LOW HITPOINT WARNING * * *
The two-headed ogre hits you with a +0 giant spiked club.
* * * LOW HITPOINT WARNING * * *
You hear some strange, mumbled words.
The ogre seems to speed up.
The ogre hits you with a +0 giant club!!
* * * LOW HITPOINT WARNING * * *
The two-headed ogre hits you with a +0 giant spiked club!
* * * LOW HITPOINT WARNING * * *
The two-headed ogre barely misses you. Something hits you but does no damage.
You can move again.
You are too berserk!
You feel a strong urge to attack something.
The ogre hits you but does no damage.
Things that are here:
a +0 giant club; a +0 giant club; a two-headed ogre corpse You feel your anger nearly subside.
You are no longer berserk.
You are exhausted.
You feel yourself slow down. The two-headed ogre misses you.
You furiously retaliate!
You headbutt the two-headed ogre!
The two-headed ogre hits you with a +0 giant spiked club.
You die...

.###.#.......####
##
#.#..#.#...#.## #
##...#.##.#...# #
##........#..##
##.#.##..#...###
######...#..#.##
##....#.....#
##.....#....##
##......O@....#
#...#...O.#..##
##.#...OO#######
.....O.OO)......
.....OO)).......
#######O.########


.O.OO ..OOOO .....OOOO You could see 8 two-headed ogres and 7 ogres.

Vanquished Creatures
  An orc warlord (Orc:1)
  Snorg (Lair:4)
  Fannar (D:11)
  2 hydras
  A catoblepas (Lair:5)
  4 ogre magi
  A tengu warrior (D:7)
  11 death yaks
  A deep troll shaman (Lair:5)
  8 two-headed ogres
  An orc high priest (Orc:2)
  A lindwurm (Lair:5)
  An orc knight (Orc:1)
  4 ugly things
  An oklob plant (Lair:5)
  2 cyclopes
  A manticore (D:11)
  8 elephants
  5 black mambas
  A gargoyle (D:11)
  Joseph (D:8)
  5 cane toads
  A rime drake (Lair:4)
  3 unseen horrors
  6 komodo dragons
  4 trolls
  4 polar bears
  8 blink frogs
  20 dream sheep
  A culicivora (Lair:3)
  2 wraiths
  A slime creature (D:10)
  A yak (shapeshifter) (D:10)
  40 yaks
  7 wyverns
  6 basilisks
  A death yak simulacrum (Lair:5)
  A hog (shapeshifter) (D:10)
  3 steam dragons
  2 wargs (Orc:1)
  3 acid dragons
  13 water moccasins
  4 black bears
  3 ice beasts
  24 orc warriors
  Pargi (D:4)
  A sky beast (D:8)
  15 wolves
  6 ogres
  7 centaurs
  12 bullfrogs
  5 scorpions
  A gnoll sergeant (D:7)
  18 wights
  A killer bee (D:7)
  9 howler monkeys
  An electric eel (D:7)
  2 hounds
  3 jellies (D:7)
  2 gnoll boudas
  12 orc priests
  4 sleepcaps
  6 hell rats (Lair:2)
  5 iguanas
  20 orc wizards
  2 polar bear simulacra (Lair:5)
  A wolf simulacrum (Lair:5)
  4 gnolls
  2 river rats (D:5)
  13 adders
  3 shadow imps
  2 white imps
  3 ufetubi
  9 worms
  3 dart slugs
  75 orcs
  9 ball pythons
  4 bats
  8 endoplasms
  A giant cockroach (D:1)
  8 goblins
  7 hobgoblins
  7 jackals
  3 quokkas
  4 frilled lizards
  10 kobolds
  7 rats
536 creatures vanquished.

Vanquished Creatures (others)
  An elephant (Lair:5)
  27 fungi
  87 plants
115 creatures vanquished.

Grand Total: 651 creatures vanquished

Notes
Turn   | Place    | Note
-------+----------+-------------------------------------------
     0 | D:1      | miket3c the Minotaur Fighter began the quest for the Orb.
     0 | D:1      | Reached XP level 1. HP: 19/19 MP: 0/0
    96 | D:1      | Reached XP level 2. HP: 26/27 MP: 1/1
   167 | D:1      | Reached skill level 3 in Axes
   380 | D:1      | Reached XP level 3. HP: 33/33 MP: 2/2
   739 | D:2      | Found the +6 shillelagh "Devastator" {shatter}
   743 | D:2      | Found a white marble altar of Elyvilon.
   770 | D:2      | Reached XP level 4. HP: 11/40 MP: 3/3
   894 | D:2      | Identified the +4 chain mail "Puhas" {Harm rC+ Str-3}
  1021 | D:2      | Reached skill level 4 in Axes
  1410 | D:2      | Upgraded the game from 0.30-a0-830-gfe289a77b0 to
                  | 0.30-a0-913-g9934a0ce24
  1455 | D:3      | Reached XP level 5. HP: 37/47 MP: 4/4
  1683 | D:3      | Found an iron altar of Okawaru.
  1699 | D:3      | Became a worshipper of Warmaster Okawaru
  1796 | D:3      | Reached skill level 5 in Axes
  1796 | D:3      | Reached XP level 6. HP: 27/55 MP: 5/5
  1797 | D:3      | Reached skill level 5 in Armour
  2019 | D:3      | Reached skill level 5 in Fighting
  2019 | D:3      | Reached skill level 5 in Shields
  2740 | D:4      | Reached skill level 6 in Axes
  2740 | D:4      | Reached XP level 7. HP: 51/61 MP: 6/6
  2847 | D:4      | Found a basalt altar of Yredelemnul.
  2921 | D:4      | Noticed Pargi
  2929 | D:4      | Killed Pargi
  2929 | D:4      | Reached * piety under Okawaru
  3491 | D:5      | Entered Level 5 of the Dungeon
  3720 | D:5      | Reached skill level 7 in Axes
  3847 | D:5      | Reached skill level 1 in Invocations
  3858 | D:5      | Found a staircase to the Ecumenical Temple.
  4055 | D:5      | Reached XP level 8. HP: 70/70 MP: 7/7
  4078 | D:5      | Found a glowing drain.
  4397 | D:5      | Found a snail-covered altar of Cheibriados.
  4404 | D:5      | Found a glowing golden altar of the Shining One.
  4410 | D:5      | Found a hazy altar of Hepliaklqana.
  4418 | D:5      | Found a sparkling altar of Nemelex Xobeh.
  4423 | D:5      | Found a white marble altar of Elyvilon.
  4430 | D:5      | Found a glowing silver altar of Zin.
  4436 | D:5      | Found a burning altar of Makhleb.
  4489 | D:5      | Reached ** piety under Okawaru
  4619 | D:5      | Found a shimmering altar of Xom.
  5068 | D:6      | Reached skill level 8 in Axes
  5698 | D:6      | Found Feotuw's Lightly-Used Armoury.
  5706 | D:6      | Bought a -2 executioner's axe for 1 gold piece
  5821 | D:7      | Noticed a two-headed ogre
  5837 | D:7      | Killed a two-headed ogre
  5837 | D:7      | Reached *** piety under Okawaru
  5838 | D:7      | Reached skill level 9 in Axes
  5838 | D:7      | Reached XP level 9. HP: 58/79 MP: 6/10
  6149 | D:7      | Reached **** piety under Okawaru
  6163 | D:7      | Found a shimmering blue altar of Sif Muna.
  6271 | D:7      | Reached skill level 10 in Axes
  6303 | D:7      | Noticed a two-headed ogre
  6304 | D:7      | Noticed a tengu warrior
  6314 | D:7      | Killed a two-headed ogre
  6316 | D:7      | Killed a tengu warrior
  6317 | D:7      | Reached XP level 10. HP: 74/89 MP: 9/12
  6319 | D:7      | Reached ***** piety under Okawaru
  6524 | D:7      | Noticed a two-headed ogre
  6560 | D:7      | Reached skill level 11 in Axes
  6564 | D:7      | Killed a two-headed ogre
  6565 | D:7      | Reached skill level 5 in Invocations
  6680 | D:7      | Noticed a red ugly thing
  6712 | D:7      | Killed a brown ugly thing
  6712 | D:7      | Noticed a green ugly thing
  6713 | D:7      | Reached skill level 12 in Axes
  6723 | D:7      | Killed a green ugly thing
  6732 | D:7      | Reached XP level 11. HP: 41/97 MP: 14/14
  7705 | D:8      | Noticed Joseph
  7705 | D:8      | Found a staircase to the Lair.
  7790 | D:8      | Killed Joseph
  7964 | D:8      | Reached ****** piety under Okawaru
  8645 | D:8      | Reached skill level 13 in Axes
  8651 | D:8      | Found a blossoming altar of Fedhas.
  8651 | D:8      | Found a bloodstained altar of Trog.
  8657 | D:8      | Identified the +2 hat of Dinaf {Will- Int+4 Dex+7 Stlth+}
                  | (Okawaru gifted it to you on level 8 of the Dungeon)
  8657 | D:8      | Received a gift from Okawaru
  8909 | D:8      | Found an ornate altar of the Wu Jian Council.
  8909 | D:8      | Found a shadowy altar of Dithmenos.
  9078 | D:9      | Found a staircase to the Orcish Mines.
  9085 | D:9      | Reached skill level 10 in Armour
  9469 | D:9      | Reached skill level 10 in Fighting
  9530 | D:9      | Reached skill level 10 in Shields
  9575 | D:9      | Identified the +2 short sword "Wyppif" {vamp, rF+ rC- rN+
                  | Int+2}
  9831 | D:10     | Entered Level 10 of the Dungeon
 10243 | D:10     | Noticed a deep elf pyromancer
 10614 | D:10     | Noticed a cyan ugly thing
 10642 | D:10     | Killed a cyan ugly thing
 10797 | D:10     | Reached skill level 1 in Dodging
 10951 | D:10     | Noticed an ogre mage
 10951 | D:10     | Noticed a cyan ugly thing
 10956 | D:10     | Killed a cyan ugly thing
 10964 | D:10     | Killed an ogre mage
 10965 | D:10     | Reached XP level 12. HP: 102/107 MP: 14/16
 11045 | D:10     | Reached skill level 14 in Axes
 11157 | D:11     | Received a gift from Okawaru
 11663 | D:11     | Noticed Fannar
 11677 | D:11     | Killed Fannar
 11956 | D:12     | Found the +0 toga "Victory" {*Victory Clar}
 11960 | D:12     | Found a broken altar of Ashenzari.
 12063 | Lair:1   | Entered Level 1 of the Lair of Beasts
 12123 | Lair:1   | Noticed a death yak
 12123 | Lair:1   | Noticed a death yak
 12125 | Lair:1   | Noticed a death yak
 12125 | Lair:1   | Noticed a death yak
 12128 | Lair:1   | Noticed a death yak
 12133 | Lair:1   | Killed a death yak
 12136 | Lair:1   | Killed a death yak
 12138 | Lair:1   | Killed a death yak
 12142 | Lair:1   | Killed a death yak
 12144 | Lair:1   | Killed a death yak
 12283 | Lair:1   | Reached skill level 15 in Axes
 13022 | Lair:2   | Reached skill level 5 in Dodging
 13026 | Lair:2   | Reached XP level 13. HP: 99/116 MP: 18/18
 13514 | Lair:2   | Received a gift from Okawaru
 13825 | Lair:2   | Found a staircase to the Swamp.
 13834 | Lair:2   | Identified the amulet "Polizxonn" {Faith Int+2}
 14298 | Lair:3   | Reached skill level 16 in Axes
 14364 | Lair:3   | Found a hole to the Spider Nest.
 14929 | Lair:3   | Reached XP level 14. HP: 127/127 MP: 18/20
 15156 | Lair:4   | Found a staircase to the Slime Pits.
 15156 | Lair:4   | Found a viscous altar of Jiyva.
 15458 | Lair:4   | Reached skill level 17 in Axes
 15660 | Lair:4   | Noticed Snorg
 15676 | Lair:4   | Killed Snorg
 16427 | Lair:5   | Entered Level 5 of the Lair of Beasts
 16577 | Lair:5   | Received a gift from Okawaru
 16875 | Lair:5   | Found a frozen archway.
 17075 | Lair:5   | Found a glowing golden altar of the Shining One.
 17078 | Lair:5   | Found an ornate altar of the Wu Jian Council.
 17432 | Lair:5   | Reached skill level 10 in Invocations
 18170 | Lair:5   | Identified the staff of poison "Jaedefac" {rPois rCorr}
 18172 | Lair:5   | Identified the +0 scale mail of Insurance {rN++ Int+3}
 18331 | Orc:1    | Entered Level 1 of the Orcish Mines
 18406 | Orc:1    | Noticed an orc warlord
 18416 | Orc:1    | Reached XP level 15. HP: 115/136 MP: 18/21
 18425 | Orc:1    | Reached skill level 18 in Axes
 18614 | Orc:1    | Found Otarann's CLEARANCE SALE!.
 18731 | Orc:1    | Found Iwkycve's General Store.
 18760 | Orc:2    | Entered Level 2 of the Orcish Mines
 18910 | Orc:2    | Found a staircase to the Elven Halls.
 19277 | Orc:2    | Found Xihod's Distillery.
 19277 | Orc:2    | Found Kuxt's Book Shop.
 19278 | Orc:2    | Found Zafomm's Antique Weapon Boutique.
 19278 | Orc:2    | Found Biafuus's General Store.
 19299 | Orc:2    | Paralysed by something for 3 turns
 19301 | Orc:2    | HP: 9/204 [ogre/+0 giant club (24)]
 19301 | Orc:2    | HP: 2/204 [two-headed ogre/+0 giant spiked club (7)]
 19304 | Orc:2    | Slain by a two-headed ogre

Illustrated notes

Levels and vault maps discovered:
D:1:      ebering_trefoil_twist, layout_basic, reono_crystal_passage,
          chequers_serial_rivers_micro_b, minmay_fountain_box, hex_medium
D:2:      layout_basic, basic_altar
D:3:      layout_rooms, okawaru_gym_becter, serial_co_window_serial,
          co_window_corner_a, co_window_paths_b, co_window_paths_b,
          co_window_paths_b, co_window_corner_a, co_window_of_opportunity_a,
          co_window_corner_a, co_window_corner_ca, co_window_broadway_c,
          co_window_unsneaky_path_a, co_window_unsneaky_path_a, glass_columns_b,
          glass_columns_b, glass_columns_a, glass_columns_a, glass_columns_a,
          kennysheep_generic_room_11
D:4:      layout_gridville, kennysheep_little_box, uniq_pargi
D:5:      layout_basic, mainiacjoe_overflow_six_doors_small,
          grunt_temple_overflow_octagram, minmay_temple_entry_statues,
          lightli_sewer_entry_pipes, eino_curves_03
D:6:      layout_loops_ring, chequers_serial_rivers_large_a, minivault_11,
          minmay_shop_damaged
D:7:      nzn_winding_woodlands_large [nzn_winding_woodlands_hourglass,
          nzn_winding_woodlands_5x15_pathside_ponds,
          nzn_winding_woodlands_5x5_perimeter,
          nzn_winding_woodlands_center_diamonds,
          nzn_winding_woodlands_15x15_five_gardens,
          nzn_winding_woodlands_center_garden,
          nzn_winding_woodlands_5x5_default,
          nzn_winding_woodlands_5x15_river_crossing,
          nzn_winding_woodlands_5x5_closed_star], layout_basic,
          nicolae_overflow_crystal_walls, hangedman_decor_lopped,
          kennysheep_generic_room_10
D:8:      layout_cave_pools, gammafunk_temple_overflow_wave,
          mainiacjoe_overflow_large_starburst, minmay_lair_entry_grove,
          serial_co_window_serial, co_window_paths_a, co_window_paths_a,
          co_window_corner_a, co_window_paths_a, co_window_of_opportunity_a,
          co_window_of_opportunity_a, co_window_paths_b,
          co_window_of_opportunity_c, co_window_2corner, co_window_corner_b,
          co_window_4corner_a, co_window_sun, glass_columns_a, glass_columns_a,
          glass_columns_a, glass_columns_a, glass_columns_a, uniq_joseph
D:9:      layout_roguey, erik_orc_4
D:10:     minmay_tri_box, layout_rooms
D:11:     layout_small_grid, uniq_fannar
D:12:     layout_long_grid, evilmike_ruin_ashenzari
Lair:1:   layout_regular_city, st_stairs_11, serial_bayou_shore_b
Lair:2:   layout_concentric_octagons, minmay_swamp_entry_reptiles,
          grunt_megastairs_2
Lair:3:   layout_chaotic_city, spider_nest_entry_rubble
Lair:4:   layout_small_grid, slime_entry_1, infiniplex_staircase_pool_2,
          uniq_snorg
Lair:5:   grunt_lair_end_beastmaster, layout_gridlike, basic_altar,
          portal_ice_cave_entry_ice_simulacra, lemuel_oklob_altar
Orc:1:    lemuel_ogre_cave, layout_caves, serial_shops, nicolae_lakefront_shop,
          abandoned_shop, nicolae_shop_clearance
Orc:2:    st_orc_ogre_mass, layout_diamond_mine

Skill      XL: |  1  2  3  4  5  6  7  8  9 10 11 12 13 14 15 |
---------------+----------------------------------------------+-----
Axes           | 3 4 5 6 7 9 10 12 13 15 16 17 18 | 18.3
Shields        | 4 5 6 7 8 9 10 | 10.2
Armour         | 4 5 6 7 8 9 10 11 12 13 | 13.3
Fighting       | 4 5 6 7 8 9 10 11 12 13 | 13.5
Invocations    | 1 3 4 5 7 8 9 10 | 10.6
Dodging        | 1 5 6 7 8 |  8.5
Ranged Weapons | 2 |  2.6

Action                     |  1- 3 |  4- 6 |  7- 9 | 10-12 | 13-15 || total
---------------------------+-------+-------+-------+-------+-------++-------
  Melee: War axe           |    67 |   118 |   240 |   341 |       ||   766
         Headbutt          |     6 |    18 |    38 |   106 |   102 ||   270
         Battleaxe         |       |       |       |   170 |   380 ||   550
         Shillelagh        |       |       |       |       |    12 ||    12
   Fire: Arbalest          |       |       |       |       |    13 ||    13
  Throw: Dart              |       |       |     3 |       |       ||     3
 Invoke: Heroism           |       |       |     2 |     7 |     6 ||    15
         Finesse           |       |       |       |       |     1 ||     1
  Evoke: Wand              |       |       |       |     1 |       ||     1
    Use: Potion            |       |     1 |     1 |       |     4 ||     6
         Scroll            |       |     4 |     6 |     5 |    12 ||    27
   Stab: Invisible         |       |       |       |       |     1 ||     1
         Petrified         |       |       |       |       |     1 ||     1
 Armour: Scale mail        |    22 |     3 |       |       |       ||    25
         Chain mail        |       |    85 |   143 |    37 |       ||   265
         Plate armour      |       |       |       |   193 |   269 ||   462
  Dodge: Dodged            |    27 |    34 |    98 |   298 |   271 ||   728
  Block: Buckler           |    15 |    32 |    67 |   107 |       ||   221
         Other             |       |       |       |       |    91 ||    91

Table legend: (Time is in decaauts)
 A = Elapsed time spent in this place.
 B = Non-inter-level travel time spent in this place.
 C = Inter-level travel time spent in this place.
 D = Time resting spent in this place.
 E = Time spent auto-exploring this place.
 F = Levels seen in this place.
 G = Mean time per level.
                   A        B        C        D        E       F      G
               +--------+--------+--------+--------+--------+-----+--------+
         Total |  19307 |  18439 |    868 |   2533 |  12875 |  19 | 1016.2 |
       Dungeon |  12169 |  11547 |    622 |   1630 |   7768 |  12 | 1014.1 |
          Lair |   6187 |   5961 |    226 |    554 |   4675 |   5 | 1237.4 |
  Orcish Mines |    950 |    931 |     19 |    349 |    432 |   2 |  475.0 |
               +--------+--------+--------+--------+--------+-----+--------+

Top non-repeatable levels by time:
     D:7: 1968 daAuts
  Lair:5: 1775 daAuts
     D:5: 1599 daAuts
  Lair:4: 1469 daAuts
     D:8: 1332 daAuts
     D:3: 1290 daAuts
    D:10: 1242 daAuts
  Lair:2: 1212 daAuts
  Lair:1: 931 daAuts
    D:11: 894 daAuts
     D:4: 806 daAuts
  Lair:3: 800 daAuts
     D:9: 797 daAuts
     D:2: 778 daAuts
     D:6: 739 daAuts
